 Dungeon Crawl Stone Soup version 0.18-a0-949-g5bbc315 (webtiles) character file.

3091 Oddball22 the Experimenter (level 9, -1/112 HPs)
             Began as a Demonspawn Artificer on Dec 30, 2015.
             Was a Believer of Pakellas.
             Succumbed to poison (a potion of poison)
             ... on level 8 of the Dungeon.
             The game lasted 00:23:26 (8174 turns).

Oddball22 the Experimenter (Demonspawn Artificer)   Turns: 8174, Time: 00:23:26

Health: -1/112     AC: 24    Str: 14    XL:     9   Next: 59%
Magic:  14/14      EV:  2    Int: 14    God:    Pakellas [**....]
Gold:   344        SH:  0    Dex: 22    Spells: 0 memorised, 8 levels left

rFire  . . .     SeeInvis .     D - +2 quarterstaff (chaos)
rCold  + . .     Gourm    +     (armour currently unavailable)
rNeg   + + +     Faith    .     (shield currently unavailable)
rPois  +         Spirit   .     (helmet currently unavailable)
rElec  .         Dismiss  .     (cloak currently unavailable)
rCorr  .         Reflect  .     (gloves currently unavailable)
SustAt .         Harm     .     (boots unavailable)
MR     .....     NoTele   +     v - amulet of the gourmand
Stlth  +++.......               N - ring of protection from cold
                                o - ring of teleportation

@: mighty, agile, lethally poisoned (-1 -> -7), tree-form, marked, hasted, very
quick, not resistant to hostile enchantments, fairly stealthy
A: (talons 0), powered by pain 1, regeneration 1, robust 1, weak 1, rot
immunity, (sturdy frame 0)
a: Quick Charge, Renounce Religion, Evoke Teleportation


You were on level 8 of the Dungeon.
You worshipped Pakellas.
Pakellas was pleased with you.
You were completely stuffed.
You were a tree.
You visited 1 branch of the dungeon, and saw 8 of its levels.

You collected 344 gold pieces.

Inventory:

Hand Weapons
 a - a +0 short sword
 D - a +2 quarterstaff of chaos (weapon)
 T - the +6 falchion of Wounding {slice, rC- Dex+5 SInv}
   (You found it on level 7 of the Dungeon)

   It inflicts extra damage upon your enemies.
   It affects your dexterity (+5).
   It makes you vulnerable to cold.
   It lets you see invisible.
 V - a +2 trident of venom
Armour
 b - a +0 leather armour (melded)
 j - a +0 helmet (melded)
 k - a +2 cloak of magic resistance (melded)
 I - a cursed +0 scale mail
 O - the cursed +0 cloak of Ajuesoulu {*Corrode rElec rN+}
   (You found it on level 5 of the Dungeon)

   It insulates you from electricity.
   It protects you from negative energy.
   It may corrode your equipment when you take damage.
   It has a curse placed upon it.
Jewellery
 o - a ring of teleportation (left branch)
 p - a -3 ring of evasion
 v - an amulet of the gourmand (around neck)
 A - an uncursed ring of positive energy
 E - the ring "Yhuo" {+Blink rF- rN+ MP+9 Stlth-}
   (You found it on level 4 of the Dungeon)

   [ring of positive energy]

   It makes you vulnerable to fire.
   It protects you from negative energy.
   It affects your magic capacity (+9).
   It lets you blink.
   It makes you less stealthy.
 H - an uncursed amulet of regeneration
 N - a ring of protection from cold (right branch)
Wands
 c - a wand of flame (0/48)
 d - a wand of enslavement (13/24)
 e - a wand of random effects (5/48)
 x - a wand of teleportation (3/9)
 U - a wand of invisibility (5/9)
Scrolls
 h - 4 scrolls of recharging
 l - 2 scrolls of blinking {unknown}
 n - 4 scrolls of teleportation
 q - 5 scrolls of identify
 r - a scroll of fear {unknown}
 s - 3 scrolls of remove curse
 w - 4 scrolls of magic mapping {unknown}
 y - a scroll of enchant weapon {unknown}
 B - a scroll of fog
 F - a scroll of enchant armour {unknown}
 M - 2 scrolls of immolation {unknown}
Potions
 g - a potion of invisibility {unknown}
 t - a potion of might
 u - a potion of degeneration {unknown}
 C - a potion of mutation
 G - 2 potions of agility
 J - a potion of haste
 K - 3 potions of poison
 L - a potion of lignification
 P - a potion of curing {unknown}
Books
 R - a book of Envenomations

   Spells                             Type                      Level
   a - Spider Form                    Transmutation/Poison         3
   b - Alistair's Intoxication        Transmutation/Poison         4
   c - Olgreb's Toxic Radiance        Poison                       4
   d - Poisonous Cloud                Conjuration/Poison/Air       6
Comestibles
 f - 11 bread rations
 i - 5 beef jerkies
 m - 2 meat rations
 z - 7 fruits
 Q - 2 chunks of flesh
 S - a royal jelly


   Skills:
 + Level 5.8 Fighting
 - Level 6.5 Short Blades
 * Level 4.1 Staves
 + Level 5.6 Dodging
 - Level 0.8 Stealth
 + Level 6.9 Evocations


You had 8 spell levels left.
You didn't know any spells.

Dungeon Overview and Level Annotations

Branches:
Dungeon (8/15)             Temple (0/1) D:6
   Lair: D:8-11

Altars:
Dithmenos
Gozag
Makhleb
Pakellas
Qazlal
Ru
Trog
Vehumet
The Shining One

Annotations:
D:8 Grum


Innate Abilities, Weirdness & Mutations

((You have claws for feet.))
You sometimes gain a little power by taking damage.
You are immune to rotting.
((Your movements are slightly less encumbered by armour (ER -2).))
Your natural rate of healing is unusually fast.
You are robust (+10% HP).
You are weak. (Str -2)


Message History

You feel sick. The wolf bites you.
* * * LOW HITPOINT WARNING * * *
The wolf completely misses you.
An orc comes into view. It is wielding a mace.
Drink which item? (? for menu, Esc to quit)
It was a potion of lignification.
You turn into a tree.
Your +2 cloak of magic resistance melds into your body.
Your +0 helmet melds into your body.
Your +0 leather armour melds into your body.
You feel less resistant to hostile enchantments.
Your roots penetrate the ground.
* * * LOW HITPOINT WARNING * * *
You feel sick. The wolf bites you.
* * * LOW HITPOINT WARNING * * *
The orc moves out of view.
The wolf bites you but does no damage.
A crocodile and an orc wizard come into view.
Unknown command.
Drink which item? (? for menu, Esc to quit)
It was a potion of haste.
You feel yourself speed up.
You die...

## #.# ##
###.## .#
#.##.##.######
#
#.##yh♣.......
#.
#..#y##..####.
###.# #yya##
#.# ....##(h##
o# #..#..# .
#t..## .#
#.(...g# #
........#.....
###..!.#####...


You could see a crocodile, 2 wolves, a worker ant, 3 killer bees and an orc
wizard.

Vanquished Creatures
  The ghost of nago the Magician, a novice OpWz of Kikubaaqudgha (D:7)
  Prince Ribbit (D:5)
  Grinder (D:6)
  A spriggan (D:7)
  An orc warrior (D:6)
  2 ice beasts
  3 sky beasts
  A black bear (D:7)
  2 centaurs
  A big kobold (D:7)
  3 crimson imps
  2 jellies
  Crazy Yiuf (D:3)
  3 iguanas
  5 hounds
  5 worker ants
  Natasha (thrice) (D:3)
  3 orc wizards
  2 hound skeletons
  A hound zombie (D:6)
  15 adders
  2 shadow imps (D:7)
  4 worms
  An adder skeleton (D:4)
  2 giant geckos
  17 orcs
  2 ball pythons (D:2)
  14 giant cockroaches
  12 hobgoblins
  7 jackals
  A quokka (D:3)
  5 bats
  A giant gecko zombie (D:7)
  5 giant newts
  11 goblins
  A jackal skeleton (D:5)
  11 kobolds
  10 rats
163 creatures vanquished.

Vanquished Creatures (collateral kills)
  A hound (D:4)
  A worker ant (D:4)
2 creatures vanquished.

Vanquished Creatures (others)
  An ogre (D:4)
  A plant (D:5)
2 creatures vanquished.

Grand Total: 167 creatures vanquished

Notes
Turn   | Place    | Note
--------------------------------------------------------------
     0 | D:1      | Oddball22 the Demonspawn Artificer began the quest for the Orb.
     0 | D:1      | Reached XP level 1. HP: 15/15 MP: 3/3
   194 | D:1      | Reached skill level 1 in Short Blades
   388 | D:1      | Gained mutation: You have sharp toenails. [demonic ancestry]
   388 | D:1      | Reached XP level 2. HP: 18/21 MP: 4/4
   993 | D:1      | Gained mutation: Your movements are slightly less encumbered by armour (ER -2). [demonic ancestry]
   993 | D:1      | Reached XP level 3. HP: 23/27 MP: 5/5
  1468 | D:2      | Gained mutation: You have razor-sharp toenails. [demonic ancestry]
  1468 | D:2      | Reached XP level 4. HP: 4/33 MP: 6/6
  2587 | D:3      | Gained mutation: You have claws for feet. [demonic ancestry]
  2587 | D:3      | Reached XP level 5. HP: 9/39 MP: 7/7
  3212 | D:3      | Noticed Crazy Yiuf
  3271 | D:3      | Killed Crazy Yiuf
  3316 | D:3      | Noticed Natasha
  3318 | D:3      | Found an opulent altar of Gozag.
  3323 | D:3      | Killed Natasha
  3442 | D:3      | Noticed Natasha
  3461 | D:3      | Killed Natasha
  3461 | D:3      | Reached XP level 6. HP: 44/46 MP: 8/8
  3719 | D:3      | Noticed Natasha
  3728 | D:3      | Killed Natasha
  3865 | D:4      | Got a scintillating brass ring
  3873 | D:4      | Identified the ring "Yhuo" {+Blink rF- rN+ MP+9 Stlth-} (You found it on level 4 of the Dungeon)
  3931 | D:4      | Reached skill level 4 in Evocations
  4024 | D:4      | Found a burning altar of Makhleb.
  4268 | D:4      | Found an oddly glowing altar of Pakellas.
  4272 | D:4      | Became a worshipper of Pakellas the Inventive
  4513 | D:5      | Entered Level 5 of the Dungeon
  4610 | D:5      | Reached XP level 7. HP: 44/52 MP: 10/10
  4813 | D:5      | Found a glowing golden altar of the Shining One.
  4979 | D:5      | Noticed Prince Ribbit
  5001 | D:5      | Got a faintly humming cloak
  5002 | D:5      | Identified the cursed +0 cloak of Ajuesoulu {*Corrode rElec rN+} (You found it on level 5 of the Dungeon)
  5017 | D:5      | Killed Prince Ribbit
  5194 | D:6      | Found a shadowy altar of Dithmenos.
  5239 | D:5      | Reached skill level 5 in Short Blades
  5404 | D:6      | Noticed Grinder
  5420 | D:6      | Paralysed by Grinder for 7 turns
  5430 | D:6      | Killed Grinder
  5430 | D:6      | Reached skill level 5 in Evocations
  5430 | D:6      | Gained mutation: You are immune to rotting. [demonic ancestry]
  5430 | D:6      | Reached XP level 8. HP: 48/60 MP: 11/11
  5834 | D:6      | Reached * piety under Pakellas
  5925 | D:6      | Found a staircase to the Ecumenical Temple.
  5966 | D:6      | Found a glowing golden altar of the Shining One.
  5974 | D:6      | Reached skill level 6 in Short Blades
  5975 | D:6      | Found a radiant altar of Vehumet.
  6036 | D:6      | Found a sacrificial altar of Ru.
  6197 | D:6      | Found a bloodstained altar of Trog.
  6253 | D:7      | Noticed nago's ghost (novice OpWz)
  6740 | D:7      | Reached skill level 5 in Fighting
  6882 | D:7      | Reached skill level 1 in Staves
  6897 | D:7      | Killed nago's ghost
  6897 | D:7      | Reached skill level 5 in Dodging
  6897 | D:7      | Gained mutation: You sometimes gain a little power by taking damage. [demonic ancestry]
  6897 | D:7      | Reached XP level 9. HP: 47/68 MP: 13/13
  7169 | D:7      | Got a crystal falchion
  7170 | D:7      | Identified the +6 falchion of Wounding {slice, rC- Dex+5 SInv} (You found it on level 7 of the Dungeon)
  7686 | D:7      | Reached ** piety under Pakellas
  7686 | D:7      | Received a gift from Pakellas
  7809 | D:7      | Found a stormy altar of Qazlal.
  8152 | D:8      | Noticed Grum
  8170 | D:8      | Gained mutation: You are weak. (Str -2) [potion of mutation]
  8170 | D:8      | Gained mutation: Your natural rate of healing is unusually fast. [potion of mutation]
  8170 | D:8      | Gained mutation: You are robust (+10% HP). [potion of mutation]
  8172 | D:8      | HP: 2/75 [wolf[Grum] (6)]
  8174 | D:8      | Succumbed to poison (a potion of poison)

Vault maps used:
D:1:      dpeg_cavernosity
D:3:      lemuel_round_altar, portal_sewer_entry_f, uniq_crazy_yiuf_cottage,
          uniq_natasha
D:4:      makhleb_heckhound_becter, first_bread, st_stairs_6,
          grunt_pakellas_sulfur
D:5:      serial_bayou_lagoon_a, nicolae_tso_carved_into_rock,
          uniq_prince_ribbit1
D:6:      lightli_temple_of_fire, nicolae_dithmenos_the_darkroom,
          grunt_temple_overflow_open, lemuel_round_altar,
          minmay_temple_entry_grid, minmay_item_behind_shaft, uniq_grinder
D:7:      nicolae_overflow_hidden_temple, the_bakery, grunt_ministairs_1,
          minivault_24
D:8:      minitemple, uniq_joseph, uniq_grum

Action                   |  1- 3 |  4- 6 |  7- 9 || total
-------------------------+-------+-------+-------++-------
Melee: Short sword       |   156 |   132 |       ||   288
       Quarterstaff      |       |   112 |   276 ||   388
Evoke: Wand              |     7 |    13 |     7 ||    27
  Use: Scroll            |     3 |     1 |     3 ||     7
       Potion            |       |     1 |     7 ||     8
 Stab: Sleeping          |     4 |     8 |     1 ||    13
       Distracted        |       |     1 |       ||     1
       Paralysed         |       |     1 |     1 ||     2
       Petrifying        |       |       |     1 ||     1
  Eat: Chunk             |     2 |    10 |    23 ||    35
